Comeback from ashes [achtung pz4 blob skillplanes]

Match 13187548
End
Kettenkrad Recon Vehicle
Construct Infanterie Kompanie
Selects Luftwaffe Battlegroup
MG 42 Machine Gun Team
MG 42 Machine Gun Team
MG 42 Machine Gun Team
Construct Panzergrenadier Kompanie
Panzergrenadier Squad
Selects Stuka Strafing Run
Pak 40 Anti-tank Gun Team
Medical Station
Panzergrenadier Squad
Selects Fallschirmjäger Squad Paradrop
Pioneer Squad
Stuka Strafing Run
Construct Panzer Kompanie
Selects Stuka Loiter
Panzer IV Medium Tank
Stuka Strafing Run
Selects Fallschirmpioneer Squad Paradrop
Selects LG40 Recoilless Launcher Paradrop
Panzergrenadier Squad
Pak 40 Anti-tank Gun Team
Stuka Strafing Run
Panzergrenadier Squad
Panzergrenadier Officer Quarters
Selects Infantry Reserves
Panzer IV Medium Tank
Pioneer Squad
Stuka Loiter
Panzer IV Medium Tank
Panzer IV Medium Tank
Stuka Loiter
Panzer IV Medium Tank
Panzer IV Medium Tank
Side Skirts
Panzergrenadier Squad
Stuka Loiter
Panzer IV Medium Tank
Stuka Strafing Run
Panzer IV Medium Tank
Stuka Loiter
Panzergrenadier Squad
Pioneer Squad
Stuka Strafing Run
Panzer IV Medium Tank
Stuka Strafing Run
Panzergrenadier Squad
Stuka Strafing Run
Panzer IV Medium Tank
Stuka Loiter
Panzergrenadier Squad
Stuka Strafing Run
Panzergrenadier Squad
B L U E SKI D R OW
Rifle losing integrity
① Janko ★
Dirkradix
0
0

Comments sign in to comment!

No comments posted yet!